 Dungeon Crawl Stone Soup version 0.29-a0-322-g68df515428 (webtiles) character file.

Game seed: 2470948320279225237

694 Bnni the Ruffian (level 7, -6/50 HPs)
             Began as an Octopode Fighter on Apr 5, 2022.
             Was an Initiate of Gozag.
             Mangled by a mummy (14 damage)
             ... in an ossuary.
             The game lasted 00:04:30 (3878 turns).

Bnni the Ruffian (Octopode Fighter)                 Turns: 3878, Time: 00:04:30

Health: -6/50      AC:  1    Str: 15    XL:     7   Next: 64%
Magic:  7/7        EV: 13    Int: 11    God:    Gozag
Gold:   248        SH:  4    Dex: 13    Spells: 6/6 levels left

rFire   . . .      SeeInvis .   j - +0 dagger (elec)
rCold   . . .      Faith    .   a - +0 buckler
rNeg    . . .      Spirit   .   (helmet restricted)
rPois   .          Reflect  .   (no amulet)
rElec   .          Harm     .   (no ring)
rCorr   .          Rampage  .   (no ring)
Will    .....                   (no ring)
Stlth   ++........              (no ring)
HPRegen 0.16/turn               (no ring)
MPRegen 0.10/turn               (no ring)
                                (no ring)
                                (no ring)

@: gold aura
A: almost no armour, amphibious, 8 rings, camouflage 1, gelatinous body 1,
(nimble swimmer 1), tentacles
a: Renounce Religion, Potion Petition, Call Merchant, Bribe Branch


You were in an ossuary.
You worshipped Gozag.
Gozag was aware of your devotion.
You visited 1 branch of the dungeon, and saw 4 of its levels.
You also visited: Ossuary.

You collected 277 gold pieces.
You paid 29 gold pieces to Gozag.

Inventory:

Hand Weapons
 f - a +0 dagger of venom
 j - a +0 dagger of electrocution (weapon)
Armour
 a - a +0 buckler (worn)
Wands
 l - a wand of acid (12)
 r - a wand of paralysis (16)
Scrolls
 d - a scroll of teleportation {unknown}
 e - a scroll of enchant weapon {unknown}
 g - 2 scrolls of immolation {unknown}
 k - a scroll of fog {unknown}
 m - a scroll of torment {unknown}
 n - 2 scrolls of amnesia {unknown}
 o - 2 scrolls of enchant armour {unknown}
 q - 2 scrolls of noise {unknown}
Potions
 b - a potion of might
 c - 3 potions of curing
 i - 2 potions of heal wounds
 p - 3 potions of attraction
 s - a potion of lignification {unknown}


   Skills:
 + Level 5.5 Fighting
 - Level 3.0 Dodging
 - Level 3.0 Shields
 * Level 6.9 Unarmed Combat


You had 6 spell levels left.
You didn't know any spells.
Your spell library contained the following spells:

 Spells                   Type           Power      Damage    Failure   Level
 Tukima's Dance           Hex            0%         N/A       80%         3
 Anguish                  Hex/Necr       0%         N/A       99%         4
 Enfeeble                 Hex            0%         N/A       100%        7


Dungeon Overview and Level Annotations

Branches:
Dungeon (4/15)            Ossuary (1/1)
 Temple: D:4-7

Altars:
Gozag
Nemelex Xobeh


Innate Abilities, Weirdness & Mutations

You cannot wear most types of armour.
You are amphibious.
You can wear up to eight rings at the same time.
Your skin changes colour to match your surroundings (Stealth+).
Your rubbery body absorbs attacks. (AC +1, EV +1)
((You are camouflaged when in or above water. (Stealth+)))
You have tentacles for arms and can constrict up to eight enemies at once.


Message History

You see here 8 gold pieces.
You now have 220 gold pieces (gained 8).
You hit the goblin zombie. You grab the goblin zombie.
The goblin zombie is moderately damaged.
You constrict the goblin zombie. You block the goblin zombie's attack.
You hit the goblin zombie.
The goblin zombie is almost destroyed.
You constrict the goblin zombie.
You destroy the goblin zombie!
The orc zombie hits you.
You see here 8 gold pieces.
You hit the orc zombie.
Lightning courses through the orc zombie!
You destroy the orc zombie!
A gnoll zombie comes into view.
You see here 5 gold pieces.
You now have 225 gold pieces (gained 5).
You now have 233 gold pieces (gained 8).
There are no items here.
You see here 8 gold pieces.
You now have 241 gold pieces (gained 8).
A mummy comes into view.
You hit the gnoll zombie. You grab the gnoll zombie.
The gnoll zombie is lightly damaged.
You constrict the gnoll zombie. You block the gnoll zombie's attack.
You hit the gnoll zombie. You squeeze the gnoll zombie.
The gnoll zombie is almost destroyed.
You constrict the gnoll zombie. The gnoll zombie hits you.
You hit the gnoll zombie.
You destroy the gnoll zombie!
You see here 7 gold pieces.
You now have 248 gold pieces (gained 7).
A gnoll zombie comes into view.
Found a gate leading back out of this place.
The mummy hits you!
* * * LOW HITPOINT WARNING * * *
You hit the mummy but do no damage. Your grab misses the mummy.
The mummy hits you!
You die...
Your body crumbles into a pile of gold.

#.#.#.#.#.#. #####
#...............# #...##
#...............#
.....###...............#
$$$
........................


$$$$$ .∩.∩..................∩. $$$$$ ........................ $$$$$
.....###...............# $$$ #...## #........@...Z..# ##### #.........M.....#
#.#.#.#.#.#.#.#.# ############# # You could see a mummy and a gnoll zombie.

Vanquished Creatures
  Sigmund (D:2)
  A black bear (D:3)
  An elf zombie (Ossuary)
  A scorpion (D:4)
  A jelly (D:4)
  A human zombie (Ossuary)
  A hound (D:4)
  Jessica (D:2)
  2 iguanas
  A mummy (Ossuary)
  5 adders
  2 worms (D:2)
  2 dart slugs
  An orc (D:3)
  6 bats
  11 endoplasms
  3 giant cockroaches (D:1)
  3 gnoll zombies (Ossuary)
  7 hobgoblins
  7 jackals
  2 quokkas
  5 ball pythons
  5 frilled lizards
  8 goblins
  3 goblin zombies (Ossuary)
  2 hobgoblin zombies (Ossuary)
  5 kobolds
  2 orc zombies (Ossuary)
  A quokka zombie (D:4)
  4 rats
  A rat zombie (D:4)
96 creatures vanquished.

Notes
Turn   | Place    | Note
-------+----------+-------------------------------------------
     0 | D:1      | Bnni the Octopode Fighter began the quest for the Orb.
     0 | D:1      | Reached XP level 1. HP: 16/16 MP: 1/1
   367 | D:1      | Reached XP level 2. HP: 21/21 MP: 2/2
   544 | D:1      | Reached skill level 3 in Unarmed Combat
   547 | D:1      | Reached XP level 3. HP: 21/26 MP: 3/3
  1187 | D:2      | HP: 1/26 [rat (2)]
  1542 | D:2      | Noticed Sigmund
  1561 | D:2      | Reached XP level 4. HP: 33/33 MP: 4/4
  1575 | D:2      | Killed Sigmund
  1576 | D:2      | Reached skill level 5 in Unarmed Combat
  1576 | D:2      | Reached XP level 5. HP: 10/38 MP: 5/5
  1576 | D:2      | Reached XP level 6. HP: 12/44 MP: 6/6
  1829 | D:2      | Found a faded altar of an unknown god.
  1865 | D:2      | Noticed Jessica
  1872 | D:2      | Killed Jessica
  2537 | D:3      | Noticed a black bear
  2544 | D:3      | Killed a black bear
  2851 | D:3      | Reached skill level 6 in Unarmed Combat
  3066 | D:3      | Found a sparkling altar of Nemelex Xobeh.
  3066 | D:3      | Found an opulent altar of Gozag.
  3074 | D:3      | Became a worshipper of Gozag Ym Sagoz the Greedy
  3512 | D:4      | Reached skill level 5 in Fighting
  3512 | D:4      | Reached XP level 7. HP: 50/50 MP: 7/7
  3586 | D:4      | Found a sand-covered staircase.
  3604 | Ossuary  | Entered an ossuary
  3878 | Ossuary  | Mangled by a mummy

Illustrated notes

Levels and vault maps discovered:
D:1:      dpeg_arrival_renting, layout_basic
D:2:      layout_loops_ring, shapermc_ecumenical_altar_totnotflames,
          uniq_jessica, uniq_sigmund
D:3:      layout_basic, grunt_temple_overflow_opulence
D:4:      layout_cave_pools, nicolae_overflow_crystal_walls, enter_ossuary_4,
          cheibrodos_sewer_entry_bend, dk_noncrumbling_2, minmay_shop_mayhem,
          uniq_natasha
Ossuary:  minmay_ossuary_gauntlet

Skill      XL: |  1  2  3  4  5  6 |
---------------+-------------------+-----
Unarmed Combat | 3 5 6 |  6.9
Fighting       | 4 5 |  5.5
Dodging        | |  3.0
Shields        | |  3.0

Action                   |  1- 3 |  4- 6 |  7- 9 || total
-------------------------+-------+-------+-------++-------
Melee: Unarmed           |     9 |       |       ||     9
       Dagger            |    79 |    60 |    52 ||   191
       Constrict         |    21 |    14 |    18 ||    53
       Tentacles         |    14 |    13 |    18 ||    45
       Punch             |     2 |     3 |     6 ||    11
Evoke: Wand              |       |       |     1 ||     1
  Use: Scroll            |       |     3 |       ||     3
 Stab: Sleeping          |     7 |     6 |       ||    13
Armor: Skin              |     8 |     1 |     2 ||    11
Dodge: Dodged            |    58 |    27 |    25 ||   110
Block: Buckler           |    17 |     6 |     9 ||    32

Table legend: (Time is in decaauts)
 A = Elapsed time spent in this place.
 B = Non-inter-level travel time spent in this place.
 C = Inter-level travel time spent in this place.
 D = Time resting spent in this place.
 E = Time spent auto-exploring this place.
 F = Levels seen in this place.
 G = Mean time per level.
                   A        B        C        D        E       F      G
               +--------+--------+--------+--------+--------+-----+--------+
         Total |   3884 |   3792 |     92 |    507 |   2640 |   5 |  776.8 |
       Dungeon |   3609 |   3517 |     92 |    307 |   2640 |   4 |  902.2 |
       Ossuary |    275 |    275 |      0 |    200 |      0 |   1 |  275.0 |
               +--------+--------+--------+--------+--------+-----+--------+

Top non-repeatable levels by time:
     D:2: 1327 daAuts
     D:1: 1098 daAuts
     D:3: 1086 daAuts
 Ossuary: 275 daAuts
     D:4: 96 daAuts
